 Dungeon Crawl Stone Soup version 0.19-a0-1792-g28b16ba (webtiles) character file.

149 TheGoonsmith the Conjurer (level 5, -2/35 HPs)
             Began as a Demonspawn Wizard on Oct 4, 2016.
             Was a Follower of Kikubaaqudgha.
             Slain by an orc wizard
             ... wielding a +4 dagger
              (4 damage)
             ... on level 3 of the Dungeon.
             The game lasted 00:03:42 (2672 turns).

TheGoonsmith the Conjurer (Demonspawn Wizard)       Turns: 2672, Time: 00:03:42

Health: -2/35      AC:  3    Str:  8    XL:     5   Next: 9%
Magic:  3/10       EV: 12    Int: 19    God:    Kikubaaqudgha [*.....]
Gold:   194        SH:  0    Dex: 12    Spells: 1 memorised, 10 levels left

rFire  . . .     SeeInvis .     s - +0 flail
rCold  . . .     Gourm    .     a - +0 robe
rNeg   . . .     Faith    .     (no shield)
rPois  .         Spirit   .     b - +0 hat
rElec  .         Dismiss  .     (no cloak)
rCorr  .         Reflect  .     e - +0 pair of gloves
MR     .....     Harm     .     (no boots)
Stlth  +.........               (no amulet)
                                (no ring)
                                (no ring)

@: confused, invisible
A: claws 2, hooves 1, spiny 1
a: Receive Corpses, Renounce Religion


You were on level 3 of the Dungeon.
You worshipped Kikubaaqudgha.
Kikubaaqudgha was aware of your devotion.
You were not hungry.

You visited 1 branch of the dungeon, and saw 3 of its levels.

You collected 194 gold pieces.

Inventory:

Hand Weapons
 g - a +0 short sword
 i - a +0 mace
 s - a +0 flail (weapon)
Missiles
 q - a throwing net (quivered)
Armour
 a - a +0 robe (worn)
 b - a +0 hat (worn)
 e - a +0 pair of gloves (worn)
Jewellery
 m - a +2 ring of dexterity {unknown}
 z - a +2 ring of evasion {unknown}
Wands
 v - a wand of teleportation (3/9)
Scrolls
 f - 2 scrolls of recharging {unknown}
 h - 3 scrolls of teleportation {unknown}
 l - a scroll of noise {unknown}
 o - a scroll of identify {unknown}
 r - a scroll of enchant weapon {unknown}
 y - a scroll of enchant armour {unknown}
Potions
 k - 2 potions of invisibility
 n - a potion of flight {unknown}
 p - a potion of degeneration {unknown}
 u - a potion of curing {unknown}
 w - a potion of magic {unknown}
 x - 2 potions of brilliance {unknown}
Books
 c - a book of Minor Magic

   Spells                             Type                      Level
   a - Magic Dart                     Conjuration                  1
   b - Blink                          Translocation                2
   c - Call Imp                       Summoning                    2
   d - Repel Missiles                 Charms/Air                   2
   e - Slow                           Hexes                        2
   f - Conjure Flame                  Conjuration/Fire             3
   g - Mephitic Cloud                 Conjuration/Poison/Air       3
Comestibles
 d - a bread ration
 j - a slice of pizza
 t - 2 meat rations


   Skills:
 - Level 1.7 Dodging
 - Level 1.7 Stealth
 + Level 3.8 Spellcasting
 * Level 4.2 Conjurations
   Level 1.0 Summonings
   Level 0.8 Translocations


You had 10 spell levels left.
You knew the following spells:

 Your Spells              Type           Power        Failure   Level  Hunger
a - Magic Dart            Conj           ###.         2%          1    None


Dungeon Overview and Level Annotations

Branches:
Dungeon (3/15)

Altars:
Cheibriados
Kikubaaqudgha
Makhleb
Sif Muna
Trog
The Shining One


Innate Abilities, Weirdness & Mutations

You have very sharp fingernails.
You have large cloven feet.
You are partially covered in sharp spines.


Message History

Confirm with . or Enter, or press ? or * to list all spells.
Aiming: Magic Dart
Press: ? - help, Shift-Dir - straight line The magic dart hits something.
You hear some strange, mumbled words.
A puff of flame appears from out of thin air!
The puff of flame hits you!
* * * LOW HITPOINT WARNING * * *
Casting: Magic Dart
Confirm with . or Enter, or press ? or * to list all spells.
Aiming: Magic Dart
Press: ? - help, Shift-Dir - straight line The magic dart hits something.
You hear some strange, mumbled words.
You are confused.
It was a potion of invisibility.
You fade into invisibility!
Something hits you.
You die...
Kikubaaqudgha rasps: "You have failed me!
Welcome... death!"

#........# # ..
#........# ##..#
#........## ... ####
#.........### ##. #.#
##...###...........#
... #..
##.%....†..##.#####..
#.# #.
#......:##.##.#
#.######
#..!..).##..#{#
.......#
#.$...(.###.#@# #.#
##.( ##.....## .#.#
#.###.). #..... .#.#
#<##..#. #...).. ...#
#....... #...... #..#
#.#...## #.>.... #...
#>...#### #.##
#...### # #. ....<. #
## ..##... #


There were no monsters in sight!

Vanquished Creatures
  An orc priest (D:3)
  Ijyb (D:3)
  3 adders
  An ooze (D:3)
  6 orcs
  7 bats
  4 giant cockroaches
  4 goblins
  4 hobgoblins
  5 jackals
  2 quokkas
  A ball python (D:1)
  6 frilled lizards
  4 kobolds
  6 rats
55 creatures vanquished.

Vanquished Creatures (others)
  A hobgoblin (D:3)
1 creature vanquished.

Grand Total: 56 creatures vanquished

Notes
Turn   | Place    | Note
-------+----------+-------------------------------------------
     0 | D:1      | TheGoonsmith the Demonspawn Wizard began the quest for the Orb.
     0 | D:1      | Reached XP level 1. HP: 13/13 MP: 4/4
   508 | D:1      | Gained mutation: You are partially covered in sharp spines. [demonic ancestry]
   508 | D:1      | Reached XP level 2. HP: 19/19 MP: 4/6
   662 | D:1      | Reached skill level 2 in Conjurations
  1231 | D:2      | Gained mutation: You have large cloven feet. [demonic ancestry]
  1231 | D:2      | Reached XP level 3. HP: 24/24 MP: 4/7
  1314 | D:2      | Found an ancient bone altar of Kikubaaqudgha.
  1332 | D:2      | Became a worshipper of Kikubaaqudgha
  1660 | D:1      | Reached skill level 3 in Conjurations
  2140 | D:3      | Gained mutation: You have sharp fingernails. [demonic ancestry]
  2140 | D:3      | Reached XP level 4. HP: 30/30 MP: 0/9
  2257 | D:3      | Noticed Ijyb
  2264 | D:3      | Killed Ijyb
  2273 | D:3      | Reached skill level 4 in Conjurations
  2280 | D:3      | Found a snail-covered altar of Cheibriados.
  2356 | D:3      | Found a burning altar of Makhleb.
  2364 | D:3      | Found a glowing golden altar of the Shining One.
  2364 | D:3      | Found a deep blue altar of Sif Muna.
  2371 | D:3      | Found a bloodstained altar of Trog.
  2529 | D:3      | Gained mutation: You have very sharp fingernails. [demonic ancestry]
  2529 | D:3      | Reached XP level 5. HP: 28/35 MP: 3/10
  2652 | D:3      | Reached * piety under Kikubaaqudgha
  2652 | D:3      | Identified Kikubaaqudgha's Guide on Necromancy (Kikubaaqudgha gifted it to you on level 3 of the Dungeon)
  2652 | D:3      | Received a gift from Kikubaaqudgha
  2672 | D:3      | Slain by an orc wizard

Vault maps used:
D:1:      scummos_arrival_forest
D:2:      kiku_gazebo_pond_becter, minmay_tetromino_t4
D:3:      elyvilon_altar_4, grunt_temple_overflow_open,
          lemuel_zombie_altar_yredelemnul, uniq_iyjb

Skill      XL: |  1  2  3  4 |
---------------+-------------+-----
Conjurations   | 2 3 4 |  4.2
Dodging        | |  1.7
Stealth        | |  1.7
Spellcasting   | |  3.8
Summonings     | |  1.0
Translocations | |  0.8

Action                   |  1- 3 |  4- 6 || total
-------------------------+-------+-------++-------
Melee: Short sword       |     2 |       ||     2
       Mace              |     7 |       ||     7
       Kick              |     2 |     2 ||     4
       Flail             |     1 |    10 ||    11
 Cast: Magic Dart        |    71 |    45 ||   116
  Use: Potion            |       |     1 ||     1
  Eat: Chunk             |     4 |     1 ||     5
Armor: Robe              |     2 |     6 ||     8
Dodge: Dodged            |    12 |    12 ||    24
